Unix NetHack Version 5.0.0-0 post-release - last build May  4 2026 22:22:43 (774f63e81ad911689b3a0859ea89b322d5daca8d,branch:main).

Game began 2026-05-06 11:20:56, ended 2026-05-06 13:06:11.

Drastanta, lawful male human Samurai

       ---------
       |.......|
       |...)...|
       |......<|
       |.......|
       ---.--.--
          ##
         ###
      ####
      #
    --.----
    |.>..YY
    |..*h.|
    |..Y...
    |.@Y..|
    -------

Drastanta the Ronin    St:18 Dx:12 Co:18 In:8 Wi:9 Ch:9  Lawful
Dlvl:7  $:336 HP:0(50) Pw:17(17) AC:3  Xp:5 T:2210  Burdened

Latest messages:
 You fall down the stairs.
 You see here an orcish dagger.
 You see here an orcish dagger.
 You hear a door open.
 You see here a white gem.
 You miss the green mold.
 You hit the green mold!
 You kill the green mold!
 You hit the ape.
 The ape misses!
 The ape hits!
 The ape bites!
 The ape hits!
 The ape just misses!
 The ape bites!
 The ape hits!
 The ape hits again!
 The ape misses!
 A bear trap closes on your foot!
 The ape hits!
 The ape hits again!
 The ape just misses!
 You are caught in a bear trap.
 The ape hits!
 The ape hits again!
 The ape misses!
 The ape just misses!
 The ape just misses!
 The ape misses!
 You are caught in a bear trap.
 The ape hits!
 The ape misses!
 The ape misses!
 The ape hits!
 The ape hits again!
 The ape bites!
 You are caught in a bear trap.
 The dwarf lord throws a dagger!
 The dagger misses the ape.
 You are hit by a dagger.
 The ape hits!
 The ape misses!
 The ape bites!
 The ape hits!
 You die...
 Do you want your possessions identified? [ynq] (y) y
 Do you want to see your attributes? [ynq] (y) y
 Do you want an account of creatures vanquished? [ynaq] (y) y
 Do you want to see your conduct and achievements? [ynq] (y) y
 Do you want to see the dungeon overview? [ynq] (y) y

Inventory:
 Coins    ('$')
  $ - 336 gold pieces
 Weapons  (')')
  d - 40 +0 ya (in quiver)
  c - a +0 yumi (alternate weapon; not wielded)
  a - a +0 katana (weapon in right hand)
  b - a +0 wakizashi
 Armor    ('[')
  z - a blessed +0 orcish helm
  f - an uncursed +0 orcish helm (being worn)
  e - an uncursed rustproof +0 splint mail (being worn)
 Comestibles  ('%')
  p - an uncursed slime mold
  A - a cursed gunyoki
  s - an uncursed egg
  g - 2 uncursed lichen corpses
 Scrolls  ('?')
  q - an uncursed scroll of blank paper
  i - 3 uncursed scrolls of confuse monster
  V - an uncursed scroll of create monster
  j - an uncursed scroll of enchant armor
  B - a cursed scroll of identify
  C - a cursed scroll of light
  U - an uncursed scroll of scare monster
  D - a cursed scroll of teleportation
 Potions  ('!')
  J - a cursed potion of blindness
  u - 2 uncursed potions of confusion named sp50
  F - a cursed potion of enlightenment
  W - a blessed potion of extra healing
  l - an uncursed potion of extra healing named sp50
  K - a cursed potion of extra healing
  X - an uncursed potion of gain ability
  L - a cursed potion of gain energy
  H - 2 cursed potions of hallucination
  k - a cursed potion of healing
  I - a cursed potion of oil
  o - an uncursed potion of paralysis named sp150
  E - a blessed potion of sickness
  v - an uncursed potion of sleeping named sp50
  G - a potion of unholy water
 Rings    ('=')
  h - a blessed +1 ring of gain strength
  M - a cursed ring of polymorph control
  N - a cursed ring of shock resistance
  O - a cursed ring of sustain ability
 Wands    ('/')
  P - a cursed wand of cancellation (0:2)
  R - a cursed wand of create monster (0:14)
  Q - a cursed wand of magic missile (0:5)
  m - a wand of speed monster (0:8)
  x - a wand of speed monster (0:4)
  w - a wand of stasis (0:4)
 Tools    ('(')
  r - an uncursed leash
  T - a cursed magic marker (0:20)
  n - a +0 pick-axe
  S - a cursed skeleton key
  y - an uncursed tin whistle

Drastanta the Samurai's attributes:

Background:
 You were a Ronin, a level 5 male human Samurai.
 You were lawful, nominally on a mission for Amaterasu Omikami
 who was opposed by Raijin (neutral) and Susanowo (chaotic).
 You were right-handed.
 You were in the Dungeons of Doom, on level 7.
 You entered the dungeon 2210 turns ago.
 You had 241 experience points, 79 more were needed to attain level 6.

Basics:
 You had 0 out of 50 hit points.
 You had all 17 energy points (spell power).
 Your armor class was 3.
 Your wallet contained 336 zorkmids.
 Autopickup was off.

Final Characteristics:
 Your strength was 18 (limit:18/100).
 Your dexterity was 12 (base:13, limit:18).
 Your constitution was 18 (limit:18).
 Your intelligence was 8 (limit:18).
 Your wisdom was 9 (limit:18).
 Your charisma was 9 (limit:18).

Final Status:
 You were trapped in a bear trap.
 You had a wounded left leg.
 You weren't hungry.
 You were burdened; movement was slightly slowed.
 You were wielding a long sword.
 You had basic skill with long sword.

Final Attributes:
 You were piously aligned.
 You were warded.
 You were fast.
 You are dead.

Miscellaneous:
 You encountered 1 bones level.
 Total elapsed playing time was 29 minutes and 30 seconds.

Major events:
 Turn
    1: Drastanta the lawful male human Samurai entered the dungeon
  971: attained the rank of Ronin (level 3)
 2210: killed by an ape

You didn't know any spells.

Skills:
 Fighting Skills
   martial arts      [Basic]
   two weapon combat [Unskilled]
   riding            [Unskilled]
 Weapon Skills
   dagger            [Unskilled]
   knife             [Unskilled]
   short sword       [Basic]
   broadsword        [Unskilled]
   long sword        [Basic]
   two-handed sword  [Unskilled]
   saber             [Unskilled]
   flail             [Unskilled]
   quarterstaff      [Unskilled]
   polearms          [Unskilled]
   spear             [Unskilled]
   lance             [Unskilled]
   bow               [Basic]
   shuriken          [Unskilled]
 Spellcasting Skills
   attack spells     [Unskilled]
   divination spells [Unskilled]
   clerical spells   [Unskilled]

Voluntary challenges:
 Character rerolling was not enabled.
 You followed a strict vegan diet.
 You were an atheist.
 You were illiterate.
 You never genocided any monsters.
 You never polymorphed an object.
 You never changed form.
 You used no wishes.
Achievements:
 You entered a shop.
 You attained the rank of Ronin.

 The Dungeons of Doom: levels 1 to 7
    Level 1:
    Level 2:
       A general store, some fountains.
    Level 3:
       A fountain, a sink.
    Level 4:
       A potion shop, a grave.
    Level 5:
       A fountain.
       Final resting place for
          bathbombman-Wiz-Hum-Mal-Cha, killed by a white unicorn.
    Level 6:
       A sink.
    Level 7: <- You were here.
       Final resting place for
          you, killed by an ape.


Vanquished creatures:
  a ghost
  a small mimic
  a Mordor orc
  a little dog
  2 floating eyes
  a kitten
  a rothe
  2 giant bats
  3 orc zombies
  a wererat
 an iguana
 an acid blob
  a giant rat
  2 yellow molds
  a green mold
  a goblin
  5 grid bugs
  2 lichens
  a kobold zombie
  2 newts
31 creatures vanquished.

No species were genocided or became extinct.

Game over:
                       ----------
                      /          \
                     /    REST    \
                    /      IN      \
                   /     PEACE      \
                  /                  \
                  |    Drastanta     |
                  |      336 Au      |
                  | killed by an ape |
                  |                  |
                  |                  |
                  |                  |
                  |       2026       |
                 *|     *  *  *      | *
        _________)/\\_//(\/(/\)/\//\/|_)_______

Sayonara Drastanta the Samurai...

You died in The Dungeons of Doom on dungeon level 7 with 1567 points,
and 336 pieces of gold, after 2210 moves.
You were level 5 with a maximum of 50 hit points when you died.

